BSA
KALAMAZOO ROYALE WITH CHEESE @ EL DORADO OILERS
09/01/2030
 
TOP OF THE 1ST
Kalamazoo Royale with Cheese batting - Pitching for El Dorado Oilers : LHP Orlando Costa
Pitching: LHP Orlando Costa
Batting: RHB Millard Boyd 0-0: Ball
1-0: Swinging Strike
1-1: Foul Ball, location: 2F
1-2: Foul Ball, location: 2F
1-2: Strikes out looking
Batting: RHB Zander Tremblett 0-0: Ball
1-0: SINGLE (Groundball, 6MD)
Batting: SHB Caden Keith 0-0: Foul Ball, location: 2F
0-1: Ball
1-1: Foul Ball, location: 2F
1-2: Ball
2-2: Ball
3-2: Grounds into double play, 3-6-1 (Groundball, 3)
Top of the 1st over - 0 runs, 1 hit, 0 errors, 0 left on base; Kalamazoo 0 - El Dorado 0
BOTTOM OF THE 1ST
El Dorado Oilers batting - Pitching for Kalamazoo Royale with Cheese : LHP Octávio Ramírez
Pitching: LHP Octávio Ramírez
Batting: RHB Nick Webb 0-0: Ball
1-0: Swinging Strike
1-1: Swinging Strike
1-2: Ball
2-2: Ball
3-2: SINGLE (Flyball, 9S)
Batting: RHB José Carlos Caraballo 0-0: Ball
1-0: Swinging Strike
1-1: Foul Ball, location: 2F
1-2: 2-RUN HOME RUN (Flyball, 89XD), Distance : 388 ft
Batting: RHB Ernesto Acosta 0-0: Ball
1-0: Called Strike
1-1: Called Strike
1-2: Fly out, F9 (Flyball, 9)
Batting: LHB José Hernández 0-0: DOUBLE (Flyball, 7LD)
Batting: SHB Theron Harper 0-0: Swinging Strike
0-1: Ball
1-1: Ball
2-1: Called Strike
2-2: SINGLE (Groundball, 6MD)
José Hernández to third
Runner from 3rd tries for Home, SAFE, no throw
Batting: RHB Vicente Carona 0-0: Ball
1-0: Foul Ball, location: 2F
1-1: Fly out, F5 (Popup, 5F)
Batting: LHB Al Gaines 0-0: Ball
1-0: Ball
2-0: Foul Ball, location: 2F
2-1: Swinging Strike
2-2: SINGLE (Line Drive, 34)
Theron Harper to second
Runner from 2nd tries for 3rd, SAFE, no throw
Batting: SHB Orlando Aguilar 0-0: Foul Ball, location: 2F
0-1: Ball
1-1: Ball
2-1: Ball
3-1: Foul Ball, location: 2F
3-2: Foul Ball, location: 2F
3-2: Ground out 4-3 (Groundball, 34)
Bottom of the 1st over - 3 runs, 5 hits, 0 errors, 2 left on base; Kalamazoo 0 - El Dorado 3
TOP OF THE 2ND
Kalamazoo Royale with Cheese batting - Pitching for El Dorado Oilers : LHP Orlando Costa
Batting: LHB Gene Cooper 0-0: Called Strike
0-1: Swinging Strike
0-2: Foul Ball, location: 2F
0-2: Foul Ball, location: 2F
0-2: Strikes out looking
Batting: RHB Chris Parker 0-0: Ball
1-0: Foul Ball, location: 2F
1-1: Ball
2-1: Swinging Strike
2-2: Ball
3-2: Base on Balls
Batting: RHB Eugene Gill 0-0: Called Strike
0-1: Swinging Strike
0-2: Ball
1-2: Ball
2-2: Fielders Choice at 2nd, 6-4 (Groundball, 6)
Batting: LHB Donovan Bird 0-0: Ball
1-0: Swinging Strike
1-1: SINGLE (Flyball, 9S)
Eugene Gill to second
Runner from 2nd tries for 3rd, SAFE, throw made to third
Batting: RHB Eichiro Yamamoto 0-0: Called Strike
0-1: Foul Ball, location: 2F
0-2: Ball
1-2: Ball
2-2: SINGLE (Groundball, 6M) (infield hit)
Eugene Gill scores
Donovan Bird to second
Batting: RHB Dan Tyler 0-0: Called Strike
0-1: Swinging Strike
0-2: Ball
1-2: Ball
2-2: Ball
3-2: Foul Ball, location: 2F
3-2: Ground out 5-3 (Groundball, 56)
Top of the 2nd over - 1 run, 2 hits, 0 errors, 2 left on base; Kalamazoo 1 - El Dorado 3
BOTTOM OF THE 2ND
El Dorado Oilers batting - Pitching for Kalamazoo Royale with Cheese : LHP Octávio Ramírez
Batting: RHB Tony Hernández 0-0: Ball
1-0: Fly out, F8 (Flyball, 8LM)
Batting: RHB Nick Webb 0-0: Ground out 6-3 (Groundball, 6)
Batting: RHB José Carlos Caraballo 0-0: SINGLE (Flyball, 7S)
Batting: RHB Ernesto Acosta 0-0: Ball
José Carlos Caraballo is caught stealing 2nd base
Bottom of the 2nd over - 0 runs, 1 hit, 0 errors, 0 left on base; Kalamazoo 1 - El Dorado 3
TOP OF THE 3RD
Kalamazoo Royale with Cheese batting - Pitching for El Dorado Oilers : LHP Orlando Costa
Batting: RHB Millard Boyd 0-0: Swinging Strike
0-1: Swinging Strike
0-2: Ball
1-2: Strikes out swinging
Batting: RHB Zander Tremblett 0-0: Foul Ball, location: 2F
0-1: Foul Ball, location: 2F
0-2: Ball
1-2: DOUBLE (Flyball, 78D)
Batting: SHB Caden Keith 0-0: Ball
1-0: Foul Ball, location: 2F
1-1: Ball
2-1: Fly out, F8 (Flyball, 8RM)
Batting: LHB Gene Cooper 0-0: SINGLE (Groundball, 34S) (infield hit)
Zander Tremblett to third
Batting: RHB Chris Parker 0-0: Ball
1-0: Ball
2-0: Ball
3-0: Called Strike
3-1: Called Strike
3-2: Foul Ball, location: 2F
3-2: 3-RUN HOME RUN (Flyball, 7LD), Distance : 368 ft
Batting: RHB Eugene Gill 0-0: Ball
1-0: Swinging Strike
1-1: Swinging Strike
1-2: Strikes out looking
Top of the 3rd over - 3 runs, 3 hits, 0 errors, 0 left on base; Kalamazoo 4 - El Dorado 3
BOTTOM OF THE 3RD
El Dorado Oilers batting - Pitching for Kalamazoo Royale with Cheese : LHP Octávio Ramírez
Batting: RHB Ernesto Acosta 0-0: Ground out 6-3 (Groundball, 6)
Batting: LHB José Hernández 0-0: Swinging Strike
0-1: Swinging Strike
0-2: Ball
1-2: Ball
2-2: Ground out 4-3 (Groundball, 4)
Batting: SHB Theron Harper 0-0: Ball
1-0: Called Strike
1-1: Ball
2-1: SINGLE (Groundball, 4D)
Batting: RHB Vicente Carona 0-0: Ball
1-0: Called Strike
1-1: Foul Ball, location: 2F
1-2: Ball
Theron Harper steals 2nd base
2-2: Strikes out swinging
Bottom of the 3rd over - 0 runs, 1 hit, 0 errors, 1 left on base; Kalamazoo 4 - El Dorado 3
TOP OF THE 4TH
Kalamazoo Royale with Cheese batting - Pitching for El Dorado Oilers : LHP Orlando Costa
Batting: LHB Donovan Bird 0-0: Called Strike
0-1: Ball
1-1: Foul Ball, location: 2F
1-2: Ground out 4-3 (Groundball, 4)
Batting: RHB Eichiro Yamamoto 0-0: Swinging Strike
0-1: Foul Ball, location: 2F
0-2: Foul Ball, location: 2F
0-2: Strikes out swinging
Batting: RHB Dan Tyler 0-0: Swinging Strike
0-1: Ball
1-1: Called Strike
1-2: Strikes out swinging
Top of the 4th over - 0 runs, 0 hits, 0 errors, 0 left on base; Kalamazoo 4 - El Dorado 3
BOTTOM OF THE 4TH
El Dorado Oilers batting - Pitching for Kalamazoo Royale with Cheese : LHP Octávio Ramírez
Batting: LHB Al Gaines 0-0: Ball
1-0: Foul Ball, location: 2F
1-1: Fly out, F8 (Flyball, 8LD)
Batting: SHB Orlando Aguilar 0-0: Called Strike
0-1: Ball
1-1: Ball
2-1: Ground out 3-1 (Groundball, 34)
Batting: RHB Tony Hernández 0-0: Ball
1-0: SINGLE (Flyball, 7LS)
Batting: RHB Nick Webb 0-0: Ball
1-0: Ball
Tony Hernández is caught stealing 2nd base
Bottom of the 4th over - 0 runs, 1 hit, 0 errors, 0 left on base; Kalamazoo 4 - El Dorado 3
TOP OF THE 5TH
Kalamazoo Royale with Cheese batting - Pitching for El Dorado Oilers : LHP Orlando Costa
Batting: RHB Millard Boyd 0-0: Ball
1-0: Ball
2-0: Swinging Strike
2-1: Ball
3-1: Base on Balls
Batting: RHB Zander Tremblett 0-0: Ball
1-0: Called Strike
1-1: DOUBLE (Flyball, 8RXD)
Millard Boyd to third
Pitching: LHP Jeremy Meyer
Batting: SHB Caden Keith 0-0: Ball
1-0: Ground out 6-3 (Groundball, 6)
Millard Boyd scores
Batting: LHB Gene Cooper 0-0: Called Strike
0-1: Ball
1-1: Ground out 4-3 (Groundball, 4)
Zander Tremblett to third
Batting: RHB Chris Parker 0-0: Called Strike
0-1: Foul Ball, location: 2F
0-2: Ball
1-2: SINGLE (Line Drive, 9LS)
Zander Tremblett scores
Batting: RHB Eugene Gill 0-0: Ball
1-0: Foul Ball, location: 2F
1-1: Foul Ball, location: 2F
1-2: Strikes out looking
Top of the 5th over - 2 runs, 2 hits, 0 errors, 1 left on base; Kalamazoo 6 - El Dorado 3
BOTTOM OF THE 5TH
El Dorado Oilers batting - Pitching for Kalamazoo Royale with Cheese : LHP Octávio Ramírez
Batting: RHB Nick Webb 0-0: Ball
1-0: Ball
2-0: Called Strike
2-1: SINGLE (Line Drive, 78S)
Batting: RHB José Carlos Caraballo 0-0: Ball
1-0: SINGLE (Groundball, 4MD)
Nick Webb to second
Runner from 2nd tries for 3rd, SAFE, throw made to third
Batting: RHB Ernesto Acosta 0-0: Called Strike
0-1: Ball
1-1: Ball
2-1: Called Strike
2-2: Fly out, F9 (Flyball, 9LM)
Runner from 3rd tags up, SCORES, throw made
Batting: LHB José Hernández 0-0: Ball
1-0: Called Strike
1-1: Ball
2-1: Ball
3-1: Fly out, F2 (Popup, 2LF)
Batting: SHB Theron Harper 0-0: Called Strike
José Carlos Caraballo steals 2nd base
0-1: Ball
1-1: Foul Ball, location: 2F
1-2: Strikes out swinging
Bottom of the 5th over - 1 run, 2 hits, 0 errors, 1 left on base; Kalamazoo 6 - El Dorado 4
TOP OF THE 6TH
Kalamazoo Royale with Cheese batting - Pitching for El Dorado Oilers : LHP Jeremy Meyer
Batting: LHB Donovan Bird 0-0: Ball
1-0: Ball
2-0: Called Strike
2-1: Ball
3-1: SINGLE (Groundball, 6MD)
Batting: RHB Eichiro Yamamoto 0-0: Swinging Strike
0-1: Ball
1-1: SINGLE (Groundball, 4S) (infield hit)
Donovan Bird to second
Batting: RHB Dan Tyler 0-0: Called Strike
0-1: Fly out, F8 (Flyball, 89D)
Runner from 2nd tags up, SAFE at 3rd, no throw
Batting: RHB Millard Boyd 0-0: Ball
1-0: Called Strike
1-1: Foul Ball, location: 2F
1-2: Ball
2-2: Ball
3-2: Foul Ball, location: 2F
3-2: SINGLE (Line Drive, 78S)
Donovan Bird scores
Eichiro Yamamoto to second
Eichiro Yamamoto to third
Batting: RHB Zander Tremblett 0-0: Grounds into double play, 6-4-3 (Groundball, 6)
Top of the 6th over - 1 run, 3 hits, 0 errors, 1 left on base; Kalamazoo 7 - El Dorado 4
BOTTOM OF THE 6TH
El Dorado Oilers batting - Pitching for Kalamazoo Royale with Cheese : LHP Octávio Ramírez
Batting: RHB Vicente Carona 0-0: Ball
1-0: Ground out 1-3 (Groundball, 15S)
Batting: LHB Al Gaines 0-0: Foul Ball, location: 2F
0-1: Ground out 4-3 (Groundball, 4M)
Batting: SHB Orlando Aguilar 0-0: Ball
1-0: SINGLE (Groundball, 34D)
Batting: RHB Tony Hernández 0-0: Swinging Strike
0-1: Called Strike
0-2: Strikes out swinging
Bottom of the 6th over - 0 runs, 1 hit, 0 errors, 1 left on base; Kalamazoo 7 - El Dorado 4
TOP OF THE 7TH
Kalamazoo Royale with Cheese batting - Pitching for El Dorado Oilers : LHP Jeremy Meyer
Batting: SHB Caden Keith 0-0: Foul Ball, location: 2F
0-1: Foul Ball, location: 2F
0-2: Ball
1-2: Ball
2-2: Ground out 5-3 (Groundball, 56)
Batting: LHB Gene Cooper 0-0: Ball
1-0: Ball
2-0: Called Strike
2-1: Swinging Strike
2-2: Fly out, F4 (Line Drive, 4M)
Batting: RHB Chris Parker 0-0: Ball
1-0: Ball
2-0: Foul Ball, location: 2F
2-1: Foul Ball, location: 2F
2-2: Ball
3-2: Foul Ball, location: 2F
3-2: Base on Balls
Batting: RHB Eugene Gill 0-0: Ball
1-0: SINGLE (Groundball, 34S) (infield hit)
Chris Parker to second
Pitching: RHP César López
Batting: LHB Donovan Bird 0-0: Ground out 4-3 (Groundball, 4)
Top of the 7th over - 0 runs, 1 hit, 0 errors, 2 left on base; Kalamazoo 7 - El Dorado 4
BOTTOM OF THE 7TH
El Dorado Oilers batting - Pitching for Kalamazoo Royale with Cheese : LHP Octávio Ramírez
Pitching: RHP Josh Graham
Batting: RHB Nick Webb 0-0: Foul Ball, location: 2F
0-1: Foul Ball, location: 2F
0-2: Ball
1-2: SINGLE (Groundball, 56D)
Batting: RHB José Carlos Caraballo 0-0: Called Strike
0-1: Ball
1-1: SINGLE (Line Drive, 89M)
Nick Webb to second
Runner from 2nd tries for 3rd, SAFE, no throw
Batting: RHB Ernesto Acosta 0-0: Called Strike
0-1: Ball
1-1: Fly out, F8 (Flyball, 8LD)
Runner from 3rd tags up, OUT at HOME
José Carlos Caraballo to second
Pitching: LHP Carlos Thomas
Batting: LHB José Hernández 0-0: Ball
1-0: Ball
2-0: Ball
3-0: Foul Ball, location: 2F
3-1: Called Strike
3-2: Fly out, F8 (Flyball, 8RS)
Bottom of the 7th over - 0 runs, 2 hits, 0 errors, 1 left on base; Kalamazoo 7 - El Dorado 4
TOP OF THE 8TH
Kalamazoo Royale with Cheese batting - Pitching for El Dorado Oilers : RHP César López
Batting: RHB Eichiro Yamamoto 0-0: Ball
1-0: Ball
2-0: Foul Ball, location: 2F
2-1: Foul Ball, location: 2F
2-2: Ground out 5-3 (Groundball, 56)
Batting: RHB Dan Tyler 0-0: Called Strike
0-1: Foul Ball, location: 2F
0-2: Ball
1-2: Foul Ball, location: 2F
1-2: Foul Ball, location: 2F
1-2: Ball
2-2: SINGLE (Groundball, 34D)
Batting: RHB Millard Boyd 0-0: Ball
1-0: Ball
2-0: Called Strike
2-1: Ball
3-1: SINGLE (Flyball, 7LS)
Dan Tyler to second
Batting: RHB Zander Tremblett 0-0: Foul Ball, location: 2F
0-1: Ball
1-1: Fly out, F4 (Line Drive, 4)
Batting: SHB Caden Keith 0-0: Ball
1-0: Foul Ball, location: 2F
1-1: Ball
2-1: Ball
3-1: Base on Balls
Dan Tyler to third
Millard Boyd to second
Batting: LHB Gene Cooper 0-0: Foul Ball, location: 2F
0-1: Ball
Wild Pitch!
Dan Tyler scores
Millard Boyd to third
Caden Keith to second
1-1: Called Strike
1-2: Ball
2-2: Ball
3-2: Foul Ball, location: 2F
3-2: Foul Ball, location: 2F
3-2: SINGLE (Flyball, 9LS)
Millard Boyd scores
Caden Keith to third
Caden Keith scores
Pitching: RHP Jeff Lynn
Batting: RHB Chris Parker 0-0: Called Strike
0-1: Ball
1-1: Ball
2-1: Foul Ball, location: 2F
2-2: DOUBLE (Flyball, 8LXD)
Gene Cooper to third
Batting: RHB Eugene Gill 0-0: Swinging Strike
0-1: Ball
1-1: Fly out, F9 (Line Drive, 89M)
Top of the 8th over - 3 runs, 4 hits, 0 errors, 2 left on base; Kalamazoo 10 - El Dorado 4
BOTTOM OF THE 8TH
El Dorado Oilers batting - Pitching for Kalamazoo Royale with Cheese : LHP Carlos Thomas
Pitching: RHP David Padilla
Batting: SHB Theron Harper 0-0: Foul Ball, location: 2F
0-1: Foul Ball, location: 2F
0-2: Ball
1-2: Ball
2-2: Strikes out looking
Batting: RHB Vicente Carona 0-0: Called Strike
0-1: Foul Ball, location: 2F
0-2: Foul Ball, location: 2F
0-2: Ball
1-2: Foul Ball, location: 2F
1-2: Ball
2-2: Ball
3-2: Foul Ball, location: 2F
3-2: Strikes out swinging
Batting: LHB Al Gaines 0-0: Foul Ball, location: 2F
0-1: Ground out U3 (Groundball, 34S)
Bottom of the 8th over - 0 runs, 0 hits, 0 errors, 0 left on base; Kalamazoo 10 - El Dorado 4
TOP OF THE 9TH
Kalamazoo Royale with Cheese batting - Pitching for El Dorado Oilers : RHP Jeff Lynn
Batting: LHB Donovan Bird 0-0: Called Strike
0-1: Ball
1-1: Called Strike
1-2: Fly out, F8 (Flyball, 89D)
Batting: RHB Eichiro Yamamoto 0-0: SINGLE (Flyball, 7S)
Batting: RHB Dan Tyler 0-0: Ball
1-0: Ball
2-0: Grounds into double play, 5-4-3 (Groundball, 56)
Top of the 9th over - 0 runs, 1 hit, 0 errors, 0 left on base; Kalamazoo 10 - El Dorado 4
BOTTOM OF THE 9TH
El Dorado Oilers batting - Pitching for Kalamazoo Royale with Cheese : RHP David Padilla
Batting: SHB Orlando Aguilar 0-0: Called Strike
0-1: Foul Ball, location: 2F
0-2: Foul Ball, location: 2F
0-2: Strikes out swinging
Batting: RHB Tony Hernández 0-0: Swinging Strike
0-1: Foul Ball, location: 2F
0-2: Strikes out swinging
Batting: RHB Nick Webb 0-0: Ball
1-0: Called Strike
1-1: Called Strike
1-2: Ball
2-2: Ball
3-2: Ground out 6-3 (Groundball, 6)
Bottom of the 9th over - 0 runs, 0 hits, 0 errors, 0 left on base; Kalamazoo 10 - El Dorado 4
Saturday, April 7th, 2018 - OOTP Baseball 18.8 Build 76